 Dungeon Crawl Stone Soup version 0.30.0-29-ga12c61a403 (webtiles) character file.

Game seed: 5579101259914048608

3748 OneEyedBunny the Thaumaturge (level 9, -1/47 HPs)
             Began as a Deep Elf Summoner on June 21, 2023.
             Was an Elder of the Shining One.
             Slain by a yak (5 damage)
             ... on level 9 of the Dungeon.
             The game lasted 00:59:03 (8098 turns).

OneEyedBunny the Thaumaturge (Deep Elf Summoner)    Turns: 8098, Time: 00:59:03

Health: -1/47      AC:  7    Str:  5    XL:     9   Next: 93%
Magic:  4/27       EV: 13    Int: 23    God:    the Shining One [****..]
Gold:   100        SH:  0    Dex: 20    Spells: 19/32 levels left

rFire   . . .        O - +1 long sword (protect)
rCold   + . .        (no shield)
rNeg    + + +        x - +2 robe {rC+}
rPois   .            (no helmet)
rElec   .            t - +0 cloak
rCorr   .            C - +1 pair of gloves {Dex+3}
SInv    .            (no boots)
Will    .....        (no amulet)
Stlth   +            g - ring of wizardry
HPRegen 0.27/turn    y - ring of positive energy
MPRegen 0.20/turn

%: wizardry (x1)
@: glowing
A: no striking features
a: Renounce Religion, Divine Shield, Cleansing Flame


You were on level 9 of the Dungeon.
You worshipped the Shining One.
The Shining One was greatly pleased with you.
You visited 2 branches of the dungeon, and saw 10 of its levels.
You also visited: Ossuary.

You collected 425 gold pieces.
You spent 303 gold pieces at shops.
You donated 22 gold pieces to Zin.

Inventory:

Hand Weapons
 l - a +0 giant club
 n - a +0 vampiric whip
 w - a +0 short sword
 F - a +0 flail
 N - a +2 short sword of electrocution
 O - a +1 long sword of protection (weapon)
Missiles
 q - 5 atropa-tipped darts (quivered)
 u - 2 throwing nets
 B - 3 silver javelins
 H - 6 poisoned darts
Armour
 a - a +2 scale mail of cold resistance
 t - a +0 cloak (worn)
 x - a +2 robe of cold resistance (worn)
 C - a +1 pair of gloves of dexterity (worn)
Jewellery
 g - a ring of wizardry (left hand)
 y - a ring of positive energy (right hand)
 I - a ring of poison resistance
 J - a +6 ring of dexterity
Wands
 G - a wand of iceblast (9)
Scrolls
 c - 3 scrolls of magic mapping
 e - a scroll of enchant armour
 i - 4 scrolls of teleportation
 k - 2 scrolls of amnesia
 o - a scroll of enchant weapon {unknown}
 z - 2 scrolls of poison
 A - a scroll of noise {unknown}
 D - 2 scrolls of fog {unknown}
 E - 2 scrolls of identify
 M - a scroll of vulnerability {unknown}
Potions
 b - 2 potions of magic
 d - a potion of attraction {unknown}
 f - a potion of flight {unknown}
 h - 10 potions of curing
 j - 4 potions of berserk rage
 m - a potion of ambrosia {unknown}
 p - a potion of heal wounds
 s - 2 potions of haste
 v - 2 potions of might
 K - 2 potions of brilliance {unknown}
 L - a potion of degeneration {unknown}


   Skills:
 + Level 1.0 Fighting
 + Level 0.3 Short Blades
 + Level 0.1 Maces & Flails
 + Level 0.9 Throwing
 + Level 3.1 Dodging
 + Level 3.7 Stealth
 + Level 12.2 Spellcasting
 + Level 5.1 Hexes
 + Level 10.2 Summonings
 + Level 3.6 Air Magic
 + Level 1.7 Invocations


You had 19 spell levels left.
You knew the following spells:

 Your Spells              Type           Power      Damage    Failure   Level
a - Summon Small Mammal   Summ           100%       N/A       1%          1
b - Call Imp              Summ           100%       N/A       1%          2
c - Call Canine Familiar  Summ           57%        N/A       1%          3
d - Summon Guardian Gole  Hex/Summ       49%        N/A       1%          3
e - Summon Lightning Spi  Summ/Air       46%        N/A       1%          4

Your spell library contained the following spells:

 Spells                   Type           Power      Damage    Failure   Level
 Kiss of Death            Conj/Necr      56%        2d9       1%          1
 Magic Dart               Conj           56%        1d5       1%          1
 Cigotuvi's Dreadful Rot  Necr/Pois/Air  38%        N/A       1%          2
 Confusing Touch          Hex            37%        N/A       1%          3
 Searing Ray              Conj           28%        2d5       2%          2
 Ignite Poison            Fire/Tmut/Pois 14%        N/A       6%          3
 Fulminant Prism          Conj/Hex       12%        3d8       6%          4
 Dispel Undead            Necr           14%        3d10      17%         4
 Freezing Cloud           Conj/Ice/Air   9%         6-21      28%         5


Dungeon Overview and Level Annotations

Branches:
Dungeon (9/15)             Temple (1/1) D:5         Ossuary (visited)
   Lair: D:8-11         Orc: D:9-12

Altars:
Ashenzari
Cheibriados
Dithmenos
Elyvilon
Fedhas
Hepliaklqana
Kikubaaqudgha
Makhleb
Nemelex Xobeh
Ru
Sif Muna
Uskayaw
Vehumet
Wu Jian
Zin
The Shining One

Shops:
D:2 !   D:4 [   D:7 (=*   D:8 ?


Message History

An orc priest comes into view. It is wielding a +0 short sword.
Found a flail.
The orc priest shouts!
As you read the scroll of teleportation, it crumbles to dust.
You feel strangely unstable.
The orc wizard casts a spell.
The orc wizard flickers and vanishes!
Deactivating autopickup; reactivate with Ctrl-A.
Really read the scroll of poison?
The air fills with toxic fumes!
As you read the scroll of poison, it crumbles to dust.
The yak gores you but does no damage. The yak gores you.
A magic dart appears from out of thin air!
The magic dart hits your lightning spire!
Okay, then.
You hit the yak but do no damage.
Your weapon exudes an aura of protection.
The yak is heavily wounded.
The yak gores you. x2
The orc priest casts a cantrip, but nothing happens.
The orc priest calls down the wrath of Beogh upon you.
Pain shoots through your body! The yak gores you but does no damage.
The yak gores you.
You feel much better.
Your surroundings suddenly seem different.
A troll and 6 yaks come into view.
Found a rapier, a ring mail and a glowing bronze wand.
The yak bellows! x5
The yak gores you!
The troll shouts!
The yak gores you. The yak gores you. The yak closely misses you.
You open the door. The yak gores you!
* * * LOW HITPOINT WARNING * * *
Okay, then.
You feel much better. The yak barely misses you. The yak gores you!
* * * LOW HITPOINT WARNING * * *
The yak gores you.
You die...

###+######
#........#
#../.....#
#........#
##
#........#
..
#[..T....#
#.#YY.)....#
#.'@YY.....#
###YY......#
##########


You could see 6 yaks and a troll.

Vanquished Creatures
  2 orcs (D:3)
  2 kobolds
  A quokka (D:4)
  2 bats (D:1)
  A goblin (D:2)
  A rat (D:2)
9 creatures vanquished.

Vanquished Creatures (collateral kills)
  A two-headed ogre (D:8)
  A troll (D:9)
  Grinder (D:4)
  Sigmund (D:3)
  2 ice beasts
  A sky beast (D:6)
  3 ogres (D:5)
  2 phantoms (D:5)
  A kobold brigand (D:8)
  An elf zombie (Ossuary)
  2 bullfrogs (D:8)
  4 scorpions (D:5)
  5 killer bees (D:9)
  4 centaur zombies (Ossuary)
  A hound (D:5)
  2 jellies
  A gnoll bouda (D:7)
  2 human zombies (Ossuary)
  An orc priest (D:7)
  Jessica (D:3)
  3 iguanas
  3 mummies
  11 adders
  2 gnolls (D:7)
  A shadow imp (D:7)
  A white imp (D:5)
  An ufetubus (D:5)
  An adder zombie (Ossuary)
  A worm (D:2)
  2 dart slugs
  12 orcs
  5 endoplasms
  3 giant cockroaches
  4 goblins
  6 hobgoblins
  4 jackals (D:1)
  11 kobolds
  4 quokkas
  5 ball pythons
  A goblin zombie (Ossuary)
  5 hobgoblin zombies (Ossuary)
  12 kobold zombies (Ossuary)
  10 orc zombies (Ossuary)
  5 rats
150 creatures vanquished.

Vanquished Creatures (others)
  2 yaks (D:9)
  A black bear (D:8)
  A centaur (D:7)
  2 gnolls (D:7)
  A butterfly (D:8)
7 creatures vanquished.

Grand Total: 166 creatures vanquished

Notes
Turn   | Place    | Note
-------+----------+-------------------------------------------
     0 | D:1      | OneEyedBunny the Deep Elf Summoner began the quest for the
                  | Orb.
     0 | D:1      | Reached XP level 1. HP: 10/10 MP: 6/6
   197 | D:1      | Reached XP level 2. HP: 15/15 MP: 5/8
   203 | D:1      | Learned a level 2 spell: Call Imp
   856 | D:2      | Found Itebi's Distillery.
   874 | D:2      | Reached skill level 5 in Summonings
   874 | D:2      | Reached XP level 3. HP: 13/19 MP: 7/10
   878 | D:2      | Learned a level 3 spell: Call Canine Familiar
   882 | D:2      | Learned a level 3 spell: Summon Guardian Golem
   965 | D:2      | Reached skill level 4 in Spellcasting
  1855 | D:3      | Noticed Jessica
  1859 | D:3      | Killed Jessica
  1860 | D:3      | Reached XP level 4. HP: 24/24 MP: 7/12
  2106 | D:3      | Found an ornate altar of the Wu Jian Council.
  2134 | D:3      | Identified a scroll of acquirement
  2134 | D:3      | Acquired a ring of wizardry
  2466 | D:3      | Noticed Sigmund
  2484 | D:3      | Killed Sigmund
  2485 | D:3      | Reached skill level 5 in Spellcasting
  2485 | D:3      | Reached skill level 1 in Hexes
  2485 | D:3      | Reached XP level 5. HP: 28/28 MP: 4/15
  2485 | D:3      | Reached XP level 6. HP: 32/32 MP: 4/16
  2745 | D:3      | Reached skill level 6 in Spellcasting
  3355 | D:4      | Found Hiqu Yts's Armour Shoppe.
  3410 | D:4      | Noticed Grinder
  3471 | D:4      | Killed Grinder
  3564 | D:4      | Learned a level 4 spell: Summon Lightning Spire
  3653 | D:4      | Noticed an ice beast
  3665 | D:4      | Killed an ice beast
  3666 | D:4      | Reached skill level 7 in Spellcasting
  3666 | D:4      | Reached XP level 7. HP: 36/36 MP: 11/19
  3907 | D:4      | Found a glowing silver altar of Zin.
  3945 | D:4      | Became a worshipper of Zin the Law-Giver
  3945 | D:4      | Reached * piety under Zin
  4040 | D:4      | Bought a +1 pair of gloves of dexterity for 165 gold pieces
  4209 | D:5      | Entered Level 5 of the Dungeon
  4291 | D:5      | Found a glowing golden altar of the Shining One.
  4312 | D:5      | Reached skill level 1 in Air Magic
  4314 | D:5      | Fell from the grace of Zin
  4314 | D:5      | Became a worshipper of the Shining One
  4498 | D:5      | Reached skill level 8 in Spellcasting
  4511 | D:5      | Found a staircase to the Ecumenical Temple.
  4521 | Temple   | Entered the Ecumenical Temple
  4693 | D:5      | Reached XP level 8. HP: 19/41 MP: 22/22
  4703 | D:5      | Identified the +1 short sword "Jagguqis" {freeze, *Slow
                  | Will+++ Int+4 Stlth+}
  4725 | D:5      | Found a sand-covered staircase.
  4737 | Ossuary  | Entered an ossuary
  4743 | Ossuary  | Reached * piety under the Shining One
  4784 | Ossuary  | Reached ** piety under the Shining One
  4960 | Ossuary  | Reached *** piety under the Shining One
  5282 | D:5      | Reached skill level 9 in Spellcasting
  5325 | D:5      | Found a shadowy altar of Dithmenos.
  5325 | D:5      | Found a radiant altar of Vehumet.
  6113 | D:6      | Found a shimmering blue altar of Sif Muna.
  6141 | D:6      | You fall into a shaft and drop 2 floors!
  6141 | D:8      | Found Xeargh's Magic Scroll Emporium.
  6199 | D:8      | Reached skill level 10 in Spellcasting
  6208 | D:8      | Reached XP level 9. HP: 46/46 MP: 22/25
  6398 | D:8      | Noticed a two-headed ogre
  6409 | D:8      | Killed a two-headed ogre
  6410 | D:8      | Reached skill level 1 in Fighting
  6581 | D:8      | Found a white marble altar of Elyvilon.
  6791 | D:8      | Reached skill level 11 in Spellcasting
  7178 | D:7      | Found Koem Hes's General Store.
  7184 | D:7      | Bought a scroll of magic mapping for 90 gold pieces
  7184 | D:7      | Bought a scroll of identify for 24 gold pieces
  7184 | D:7      | Bought a scroll of identify for 24 gold pieces
  7341 | D:7      | Found Ukkocryll's Jewellery Shop.
  7960 | D:7      | Found Setwawuu's Antique Weapon Shoppe.
  8000 | D:9      | Noticed a troll
  8014 | D:9      | Killed a troll
  8015 | D:9      | Reached skill level 5 in Hexes
  8015 | D:9      | Reached skill level 10 in Summonings
  8038 | D:9      | Reached skill level 1 in Invocations
  8045 | D:9      | Reached skill level 12 in Spellcasting
  8093 | D:9      | Noticed a troll
  8093 | D:9      | Reached **** piety under the Shining One
  8097 | D:9      | HP: 2/47 [yak (14)]
  8098 | D:9      | Slain by a yak

Illustrated notes

Levels and vault maps discovered:
D:1:      mrwooster_arrival_arrow, layout_loops_ring
D:2:      layout_basic, serial_shops, shop, chequers_serial_rivers_small_a
D:3:      layout_basic, lemuel_crystal_altar, serial_rivers,
          chequers_serial_rivers_micro_b, chequers_serial_rivers_room_a,
          chequers_serial_rivers_room_a, chequers_serial_rivers_micro_a,
          chequers_serial_rivers_marsh, gup_sewer_entry_bubbles, uniq_jessica,
          uniq_sigmund
D:4:      layout_basic, mainiacjoe_overflow_concentric_impassable, serial_shops,
          nicolae_inconvenience_store, uniq_grinder
D:5:      layout_loops_ring, nicolae_tso_swordbearing_angel,
          gammafunk_temple_overflow_elements, minmay_temple_entry_grid,
          gup_ossuary_entry_pyramid, kennysheep_small_circle
D:6:      layout_loops_ring, nicolae_sif_muna_little_library
D:7:      layout_loops_corners, serial_shops, shop, shop, nicolae_shop_crystal
D:8:      layout_loops_cross, nicolae_elyvilon_peaceful_grove, serial_shops,
          shop
D:9:      layout_roguey, mainiacjoe_overflow_boulevard,
          mainiacjoe_overflow_surrounded_room
Temple:   nicolae_temple_bog_church

Skill      XL: |  1  2  3  4  5  6  7  8  9 |
---------------+----------------------------+-----
Summonings     | 5 6 7 9 10 | 10.2
Spellcasting   | 4 5 7 8 10 12 | 12.2
Stealth        | 3 |  3.7
Hexes          | 1 2 4 5 |  5.1
Air Magic      | 1 3 |  3.6
Fighting       | 1 |  1.0
Dodging        | 3 |  3.1
Invocations    | 1 |  1.7
Short Blades   | |  0.3
Maces & Flails | |  0.1
Throwing       | |  0.9

Action                     |  1- 3 |  4- 6 |  7- 9 || total
---------------------------+-------+-------+-------++-------
  Melee: Dagger            |    18 |       |       ||    18
         Short sword       |    18 |     4 |     2 ||    24
         Whip              |       |     3 |       ||     3
         Unarmed           |       |       |     1 ||     1
         Long sword        |       |       |     3 ||     3
         Flail             |       |       |     2 ||     2
  Throw: Dart              |     2 |    10 |       ||    12
   Cast: Summon Small Mamm |    30 |    12 |    16 ||    58
         Call Imp          |     7 |    14 |     1 ||    22
         Call Canine Famil |     4 |    11 |    31 ||    46
         Summon Guardian G |     3 |     9 |    35 ||    47
         Summon Lightning  |       |     2 |    30 ||    32
 Invoke: Divine Shield     |       |       |     1 ||     1
    Use: Potion            |     2 |       |     4 ||     6
         Scroll            |     2 |     4 |     9 ||    15
   Stab: Sleeping          |     1 |       |       ||     1
 Armour: Robe              |    10 |     1 |    23 ||    34
         Skin              |     7 |       |       ||     7
  Dodge: Dodged            |    32 |    13 |    61 ||   106
  Block: Other             |       |       |     1 ||     1
